 Dungeon Crawl Stone Soup version 0.25-a0-42-g6c54e25894 (webtiles) character file.

Game seed: 10679925427900509985, levelgen mode: deterministic

76 Peloso the Shield-Bearer (level 4, 0/40 HPs)
             Began as a Minotaur Fighter on Oct 23, 2019.
             Slain by Sigmund
             ... wielding a +1 scythe of slicing
              (1 damage)
             ... on level 2 of the Dungeon.
             The game lasted 00:03:09 (861 turns).

Peloso the Shield-Bearer (Minotaur Fighter)          Turns: 861, Time: 00:03:11

Health: 0/40       AC:  8    Str: 20    XL:     4   Next: 12%
Magic:  3/3        EV:  7    Int:  5    God:
Gold:   40         SH:  0    Dex: 11    Spells: 3/3 levels left

rFire    . . .     SeeInvis +   a - +0 long sword
rCold    . . .     Gourm    .   c - +0 shield
rNeg     . . .     Faith    .   b - +0 scale mail
rPois    .         Spirit   .   (helmet restricted)
rElec    .         Reflect  .   h - +0 cloak
rCorr    .         Harm     .   (no gloves)
MR       .....                  (no boots)
Stlth    ..........             (no amulet)
HPRegen  0.13/turn              e - ring of see invisible
MPRegen  0.08/turn              (no ring)

@: confused, flying
A: retaliatory headbutt, horns 2
a: no special abilities


You were on level 2 of the Dungeon.
You were not hungry.

You visited 1 branch of the dungeon, and saw 2 of its levels.

You collected 40 gold pieces.

Inventory:

Hand Weapons
 a - a +0 long sword (weapon)
Armour
 b - a +0 scale mail (worn)
 c - a +0 shield (worn)
 h - a +0 cloak (worn)
Jewellery
 e - a ring of see invisible (left hand)
Scrolls
 g - a scroll of identify {unknown}
 i - a scroll of teleportation {unknown}
 j - 2 scrolls of remove curse {unknown}
 k - a scroll of amnesia {unknown}
Potions
 d - a potion of might
Comestibles
 f - 5 rations


   Skills:
 + Level 4.1 Fighting
 + Level 3.1 Long Blades
 + Level 4.4 Armour
 + Level 0.6 Dodging
 + Level 4.5 Shields


You had 3 spell levels left.
You didn't know any spells.
Your spell library was empty.

Dungeon Overview and Level Annotations

Branches:
Dungeon (2/15)

Altars:

Annotations:
D:2 Sigmund


Innate Abilities, Weirdness & Mutations

You reflexively headbutt those who attack you in melee.
You have a pair of horns on your head.


Message History

* * * LOW HITPOINT WARNING * * *
x2 The adder bites you.
* * * LOW HITPOINT WARNING * * *
It was a potion of flight.
You feel very buoyant.
You fly up into the air.
You block the adder's attack. Sigmund hits you but does no damage.
The adder bites you but does no damage.
You hit Sigmund.
Sigmund is heavily wounded.
The adder barely misses you. You furiously retaliate!
You headbutt the adder.
Sigmund points at you and mumbles some strange words.
You are confused.
Okay, then.
Your shield prevents you from hitting Sigmund.
You headbutt Sigmund.
Sigmund is severely wounded.
The adder bites you but does no damage.
Sigmund hits you with a +1 scythe of slicing.
* * * LOW HITPOINT WARNING * * *
You die...

..# #.#
#####.###
........########
#.†..........#
#.###.###.##.#
#.# #.#
#.##.#####
#.###.#
#..†.?...#####
#.##..#
####..@S......
#.##.##
####@......
###.##.####
.#####.
..........# ..
###.##.##.....
..# ....##.#
#### ..+
...###.# ..#
.#.# #.# ..+
.#.# #.#


You could see Sigmund (invisible) and an adder.

Vanquished Creatures
  Jessica (D:2)
  A gnoll (D:1)
  An adder (D:2)
  A worm (D:2)
  2 dart slugs
  2 giant cockroaches
  4 goblins
  2 hobgoblins (D:1)
  3 jackals (D:1)
  A ball python (D:1)
  A bat (D:2)
  2 frilled lizards
  4 kobolds (D:1)
  2 rats (D:1)
27 creatures vanquished.

Notes
Turn   | Place    | Note
-------+----------+-------------------------------------------
     0 | D:1      | Peloso the Minotaur Fighter began the quest for the Orb.
     0 | D:1      | Reached XP level 1. HP: 19/19 MP: 0/0
   259 | D:1      | Reached XP level 2. HP: 27/27 MP: 1/1
   445 | D:1      | Reached XP level 3. HP: 15/33 MP: 2/2
   785 | D:2      | Noticed Jessica
   792 | D:2      | Killed Jessica
   839 | D:2      | Reached XP level 4. HP: 34/40 MP: 3/3
   853 | D:2      | Noticed Sigmund
   861 | D:2      | HP: 1/40 [Sigmund/+1 scythe of slicing (4)]
   861 | D:2      | Slain by Sigmund

Levels and vault maps discovered:
D:1:      lightli_arrival_windingriver, layout_basic
D:2:      layout_loops_ring, lemuel_round_altar,
          chequers_temple_overflow_minitemple, minmay_rat_gold_closets,
          uniq_jessica, uniq_sigmund, uniq_natasha

Skill      XL: |  1  2  3 |
---------------+----------+-----
Shields        | 4 |  4.5
Armour         | 4 |  4.4
Fighting       | 4 |  4.1
Long Blades    | 3 |  3.1
Dodging        | |  0.6

Action                   |  1- 3 |  4- 6 || total
-------------------------+-------+-------++-------
Melee: Long sword        |    63 |     9 ||    72
       Headbutt          |    13 |     4 ||    17
  Use: Potion            |     1 |     1 ||     2
Armor: Scale mail        |    26 |     6 ||    32
Dodge: Dodged            |    18 |     3 ||    21
Block: Shield            |    31 |     3 ||    34
       Rpst.: Long sword |     7 |     1 ||     8

Table legend:
 A = Non-vault XP
 B = Vault XP
 C = Vault XP percentage of total XP
 D = Non-vault monster count
 E = Vault monster count
 F = Vault count percentage of total count
                 A         B        C        D         E       F
            +---------+---------+-------+---------+---------+-------
      Total |      72 |      37 |  33.9 |      26 |       1 |   3.7
            +---------+---------+-------+---------+---------+-------
        D:1 |      45 |       0 |   0.0 |      19 |       0 |   0.0
        D:2 |      27 |      37 |  57.8 |       7 |       1 |  12.5
            +---------+---------+-------+---------+---------+-------
